 Dungeon Crawl Stone Soup version 0.16.1-16-gc44b35d (webtiles) character file.

354 Cease the Digger (level 6, -1/32 HPs)
             Began as a Gargoyle Earth Elementalist on Apr 21, 2015.
             Slain by a phantom (7 damage)
             ... on level 4 of the Dungeon.
             The game lasted 00:17:38 (3760 turns).

Cease the Digger (Gargoyle Earth Elementalist)      Turns: 3760, Time: 00:17:39

Health: -1/32      AC:  9    Str: 11    XL:     6   Next: 63%
Magic:  0/14       EV: 12    Int: 18    God:
Gold:   191        SH:  0    Dex: 10    Spells: 3 memorised, 4 levels left

rFire  . . .     SeeInvis .     j - +1 dagger (venom)
rCold  . . .     Clarity  .     l - +1 leather armour {MR+}
rNeg   + . .     SustAb   .     (no shield)
rPois  ∞         Gourm    .     (no helmet)
rElec  +         Spirit   .     n - +0 cloak {rPois}
rCorr  .         Warding  .     (no gloves)
rMut   .         Stasis   .     (no boots)
MR     +....                    (no amulet)
Stlth  ++........               (no ring)
                                (no ring)

@: very slightly contaminated, somewhat resistant to hostile enchantments,
unstealthy
A: negative energy resistance 1, electricity resistance, unbreathing,
petrification resistance, rot immunity, AC +4
a: no special abilities


You were on level 4 of the Dungeon.
You were not hungry.

You visited 1 branch of the dungeon, and saw 4 of its levels.

You collected 191 gold pieces.

Inventory:

Hand weapons
 i - a +0 short sword
 j - a +1 dagger of venom (weapon)
Missiles
 b - 126 stones (quivered)
Armour
 c - a +0 robe
 l - a +1 leather armour of magic resistance (worn)
 n - a +0 cloak of poison resistance (worn)
Magical devices
 m - a wand of confusion (39)
Scrolls
 g - 3 scrolls of remove curse
 h - a scroll of recharging {unknown}
 k - a scroll of fear {unknown}
 r - 4 scrolls of identify
 s - a scroll of immolation {unknown}
 t - 2 scrolls of amnesia {unknown}
Potions
 e - a potion of magic {unknown}
 f - a potion of resistance {unknown}
 p - a potion of haste {unknown}
 q - a potion of heal wounds {unknown}
 u - a potion of berserk rage {unknown}
Books
 d - a book of Geomancy

   Spells                             Type                      Level
   a - Sandblast                      Earth                        1
   b - Stoneskin                      Transmutation/Earth          2
   c - Passwall                       Transmutation/Earth          3
   d - Stone Arrow                    Conjuration/Earth            3
   e - Petrify                        Transmutation/Earth          4
   f - Lee's Rapid Deconstruction     Earth                        5
Comestibles
 a - 4 bread rations
 o - a slice of pizza
 w - 2 fruits
 x - a meat ration


   Skills:
 + Level 0.2 Fighting
 * Level 2.4 Armour
 + Level 2.6 Dodging
 + Level 2.4 Stealth
 * Level 3.8 Spellcasting
 + Level 1.2 Conjurations
 + Level 0.7 Transmutations
 * Level 5.5 Earth Magic


You had 4 spell levels left.
You knew the following spells:

 Your Spells              Type           Power        Failure   Level  Hunger
a - Sandblast             Erth           ###...       1%          1    None
b - Stone Arrow           Conj/Erth      ###...       17%         3    ###....
c - Petrify               Trmt/Erth      ##......     58%         4    ####...


Dungeon Overview and Level Annotations

Branches:
Dungeon (4/15)
 Temple: D:4-7

Altars:
Ashenzari
Gozag
Nemelex Xobeh
Qazlal
Sif Muna
Trog


Innate Abilities, Weirdness & Mutations

You are resistant to torment.
You are immune to poison.
Your stone body is very resilient (AC +4).
You resist negative energy.
You are resistant to electric shocks.
You can survive without breathing.
You are immune to petrification.
You are immune to rotting.


Message History

The phantom is almost destroyed.
The phantom hits you.
* * * LOW HITPOINT WARNING * * *
The phantom blinks!
Casting: Sandblast
Confirm with . or Enter, or press ? or * to list all spells.
You can't see any susceptible monsters within range! (Use Z to cast anyway.) Drink which item? (? for menu, Esc to quit)
Okay, then.
Casting: Sandblast
Confirm with . or Enter, or press ? or * to list all spells.
Aiming: Stone Arrow
Press: ? - help, Shift-Dir - straight line, f/p - phantom
Aim: a phantom (almost destroyed)
You miscast Stone Arrow.
You are very lightly contaminated with residual magic.
You feel a strange surge of energy!
The phantom blinks!
The phantom hits you!
You die...

##.## #..# ##.## #.
### ##.## #.# P.##
#..# #.. ♣..# #.##
#..♣♣♣♣.P# #W#
#..PPP♣.# #.#
##....@.# #.#
##..P.W..# #.#
##.P♣♣P..## #.#
#..♣♣♣♣...### ##.#
#..P♣P..#...###..#
##...P...###......#
#.......## ###..###
.........### ####
........#


You could see a phantom.

Vanquished Creatures
  An ogre (D:4)
  A crimson imp (D:4)
  Crazy Yiuf (D:2)
  A centaur skeleton (D:4)
  Terence (D:2)
  Robin (D:2)
  5 adders
  3 gnolls (D:1)
  2 worms
  An adder skeleton (D:4)
  3 giant geckos
  An orc (D:3)
  A ball python (D:1)
  6 giant cockroaches
  8 hobgoblins
  3 jackals (D:2)
  8 bats
  5 giant newts
  16 goblins
  5 kobolds
  4 rats
77 creatures vanquished.

Notes
Turn   | Place    | Note
--------------------------------------------------------------
     0 | D:1      | Cease, the Gargoyle Earth Elementalist, began the quest for the Orb.
     0 | D:1      | Reached XP level 1. HP: 10/10 MP: 3/3
   173 | D:1      | Reached skill level 4 in Earth Magic
   256 | D:1      | Reached XP level 2. HP: 15/15 MP: 2/4
   790 | D:1      | Reached XP level 3. HP: 16/19 MP: 6/6
   795 | D:1      | Learned a level 3 spell: Stone Arrow
  1288 | D:2      | Reached XP level 4. HP: 24/24 MP: 4/8
  1294 | D:2      | Learned a level 4 spell: Petrify
  1391 | D:2      | Noticed Terence
  1410 | D:2      | Killed Terence
  1629 | D:2      | Noticed Crazy Yiuf
  1634 | D:2      | Killed Crazy Yiuf
  1634 | D:2      | Reached skill level 5 in Earth Magic
  1797 | D:2      | Reached XP level 5. HP: 25/28 MP: 6/11
  2007 | D:2      | Noticed Robin
  2072 | D:2      | Killed Robin
  2589 | D:3      | Reached skill level 1 in Armour
  2589 | D:3      | Reached skill level 1 in Conjurations
  2671 | D:3      | Found a stormy altar of Qazlal.
  2901 | D:3      | Found a sparkling altar of Nemelex Xobeh.
  2902 | D:3      | Found an opulent altar of Gozag.
  2954 | D:3      | Found a bloodstained altar of Trog.
  3110 | D:3      | Found a deep blue altar of Sif Muna.
  3137 | D:3      | Found a shattered altar of Ashenzari.
  3299 | D:4      | Reached XP level 6. HP: 32/32 MP: 2/13
  3514 | D:4      | Noticed an ogre
  3517 | D:4      | Killed an ogre
  3658 | D:4      | Noticed a phantom
  3760 | D:4      | Slain by a phantom

Action                   |  1- 3 |  4- 6 || total
-------------------------+-------+-------++-------
Melee: Unarmed           |     7 |       ||     7
       Short sword       |    11 |       ||    11
       Dagger            |    11 |   152 ||   163
 Cast: Sandblast         |    23 |    12 ||    35
       Stone Arrow       |     7 |    26 ||    33
  Use: Scroll            |       |     4 ||     4
 Stab: Sleeping          |     2 |       ||     2
  Eat: Chunk             |     1 |     3 ||     4
       Pizza             |     1 |       ||     1
       Bread ration      |       |     1 ||     1
       Meat ration       |       |     1 ||     1
